 Dungeon Crawl Stone Soup version 0.21-a0-396-ga924934 (webtiles) character file.

109 dracos369 the Conjurer (level 4, -7/24 HPs)
             Began as a Deep Elf Conjurer on Oct 19, 2017.
             Was a Believer of Zin.
             Killed from afar by Tungsten's ghost (19 damage)
             ... with a spray of energy
             ... on level 3 of the Dungeon.
             The game lasted 00:09:47 (2469 turns).

dracos369 the Conjurer (Deep Elf Conjurer)          Turns: 2469, Time: 00:09:48

Health: -7/24      AC:  3    Str:  5    XL:     4   Next: 60%
Magic:  12/12      EV: 13    Int: 21    God:    Zin [**....]
Gold:   122        SH:  0    Dex: 15    Spells: 0/11 levels left

rFire    . . .     SeeInvis .   t - +0 rapier
rCold    . . .     Gourm    .   (no shield)
rNeg     . . .     Faith    .   a - +0 robe
rPois    .         Spirit   .   p - +0 helmet
rElec    .         Reflect  .   (no cloak)
rCorr    .         Harm     .   (no gloves)
MR       .....                  (no boots)
Stlth    ++........             (no amulet)
HPRegen  0.08/turn              (no ring)
MPRegen  0.13/turn              (no ring)

@: no status effects
A: no striking features
a: Recite, Vitalisation, Donate Gold, Renounce Religion


You were on level 3 of the Dungeon.
You worshipped Zin.
Zin was pleased with you.
You were not hungry.

You visited 1 branch of the dungeon, and saw 3 of its levels.

You collected 135 gold pieces.
You donated 13 gold pieces to Zin.

Inventory:

Hand Weapons
 t - a +0 rapier (weapon)
Missiles
 g - 3 javelins (quivered)
Armour
 a - a +0 robe (worn)
 f - a +0 large shield
 j - a +0 pair of gloves
 p - a +0 helmet (worn)
Scrolls
 i - a scroll of amnesia {unknown}
 l - 2 scrolls of recharging {unknown}
 n - a scroll of immolation {unknown}
 o - a scroll of teleportation {unknown}
 r - a scroll of enchant weapon {unknown}
 s - 3 scrolls of enchant armour {unknown}
Potions
 e - a potion of heal wounds {unknown}
 h - 2 potions of ambrosia {unknown}
 k - a potion of curing {unknown}
 m - a potion of might {unknown}
 q - a potion of flight {unknown}
Books
 b - a book of Conjurations

   Spells                             Type                      Level
   a - Magic Dart                     Conjuration                  1
   b - Searing Ray                    Conjuration                  2
   c - Dazzling Spray                 Conjuration/Hexes            3
   d - Fulminant Prism                Conjuration/Hexes            4
   e - Force Lance                    Conjuration/Translocation    4
   f - Iskenderun's Mystic Blast      Conjuration                  4
Comestibles
 c - 2 bread rations
 d - 4 chunks of flesh


   Skills:
 - Level 2.5 Dodging
 - Level 2.4 Stealth
 + Level 4.3 Spellcasting
 * Level 6.0 Conjurations
 + Level 0.2 Hexes


You couldn't memorise any spells.
You knew the following spells:

 Your Spells              Type           Power        Failure   Level  Hunger
a - Magic Dart            Conj           ####         1%          1    None
b - Iskenderun's Mystic   Conj           ####....     10%         4    ####...
c - Fulminant Prism       Conj/Hex       ###.......   32%         4    ####...
r - Searing Ray           Conj           ####..       1%          2    #......


Dungeon Overview and Level Annotations

Branches:
Dungeon (3/15)

Altars:
Zin

Annotations:
D:3 Tungsten's ghost, amateur KoCj


Message History

Keep equipping yourself?
You stop putting on your armour.
Tungsten's ghost turns its malevolent gaze towards you.
Tungsten's ghost points at you and mumbles some strange words.
The magic dart hits you!
There is an open door here.
Tungsten's ghost points at you and mumbles some strange words.
The magic dart hits you!
Press: ? - help, v - describe, . - travel
Here: Tungsten's ghost The floor.
Press: ? - help, v - describe, . - travel
Here: Tungsten's ghost The floor.
You close the door.
Tungsten's ghost opens the door.
Tungsten's ghost gestures at you while chanting.
The spray of energy hits you!
Ouch! That really hurt!
You die...

#......#
#......###
#......... #.
#.W....### #.#
##'#...# #.#
#.###.#
#.#######.# .#
#.......#.# #
#.......@.#
#.......### #.#
#.......# #..
#.#.#####
...... ..#
#.#.#...# .....
.. #.#.#(..#
....
#.#####.#.....#
... #..#......#
..##
##.#......# #+#
..#


You could see Tungsten's ghost.

Vanquished Creatures
  4 gnolls (D:2)
  An adder (D:2)
  3 worms (D:2)
  A dart slug (D:2)
  A leopard gecko (D:2)
  3 orcs (D:3)
  2 giant cockroaches
  9 goblins
  2 hobgoblins (D:1)
  A kobold (D:1)
  A quokka (D:2)
  2 ball pythons
  7 bats
  A frilled lizard (D:3)
  11 rats
49 creatures vanquished.

Notes
Turn   | Place    | Note
-------+----------+-------------------------------------------
     0 | D:1      | dracos369 the Deep Elf Conjurer began the quest for the Orb.
     0 | D:1      | Reached XP level 1. HP: 10/10 MP: 6/6
   347 | D:1      | Reached XP level 2. HP: 12/15 MP: 8/8
   351 | D:1      | Learned a level 2 spell: Searing Ray
   640 | D:1      | Reached skill level 5 in Conjurations
  1013 | D:2      | Reached XP level 3. HP: 10/19 MP: 5/9
  1490 | D:2      | Reached XP level 4. HP: 8/24 MP: 1/12
  1750 | D:2      | Found a faded altar of an unknown god.
  1761 | D:2      | Became a worshipper of Zin the Law-Giver
  1761 | D:2      | Reached * piety under Zin
  1834 | D:2      | Reached ** piety under Zin
  2318 | D:3      | Reached skill level 6 in Conjurations
  2324 | D:3      | Learned a level 4 spell: Iskenderun's Mystic Blast
  2329 | D:3      | Learned a level 4 spell: Fulminant Prism
  2461 | D:3      | Noticed Tungsten's ghost (amateur KoCj)
  2469 | D:3      | Killed from afar by Tungsten's ghost

Vault maps used:
D:1:      dpeg_arrival_court, minmay_tree_intersection
D:2:      chequers_ecumenical_altar_island

Skill      XL: |  1  2  3  4 |
---------------+-------------+-----
Conjurations   | 5 6 |  6.0
Spellcasting   | 4 |  4.3
Dodging        | |  2.5
Stealth        | |  2.4
Hexes          | |  0.2

Action                   |  1- 3 |  4- 6 || total
-------------------------+-------+-------++-------
Melee: Hand axe          |    18 |       ||    18
       Short sword       |    14 |    16 ||    30
       Dagger            |     5 |       ||     5
       Rapier            |       |    16 ||    16
 Cast: Magic Dart        |    19 |     2 ||    21
       Searing Ray       |     9 |     4 ||    13
  Use: Scroll            |     3 |       ||     3
 Stab: Sleeping          |     4 |     5 ||     9
  Eat: Chunk             |     2 |     3 ||     5
Armor: Robe              |    17 |     9 ||    26
Dodge: Dodged            |    39 |    20 ||    59

Table legend:
 A = Spawn XP
 B = Non-spawn XP
 C = Spawn XP percentage of total XP
 D = Spawn monster count
 E = Non-spawn monster count
 F = Spawn count percentage of total count
 G = Total turns spent on level
                    A         B        C        D         E        F      G
               +---------+---------+-------+---------+---------+-------+---------
         Total |       0 |     157 |   0.0 |       0 |      49 |   0.0 |  2469
               +---------+---------+-------+---------+---------+-------+---------
           D:1 |       0 |      36 |   0.0 |       0 |      22 |   0.0 |  1003
           D:2 |       0 |     101 |   0.0 |       0 |      16 |   0.0 |  1240
           D:3 |       0 |      20 |   0.0 |       0 |      11 |   0.0 |   226
               +---------+---------+-------+---------+---------+-------+---------
